 Dungeon Crawl Stone Soup version 0.22-a0-533-g4d20840e7c (webtiles) character file.

753 Shun the Shield-Bearer (level 7, -1/60 HPs)
             Began as a Gnoll Fighter on June 22, 2018.
             Slain by a mummy (5 damage)
             ... in an ossuary.
             The game lasted 00:05:00 (3367 turns).

Shun the Shield-Bearer (Gnoll Fighter)              Turns: 3367, Time: 00:05:01

Health: -1/60      AC: 15    Str: 19 (20) XL:     7   Next: 78%
Magic:  10/10      EV:  5    Int: 10 (11) God:
Gold:   154        SH: 10    Dex: 11 (14) Spells: 11/11 levels left

rFire    . . .     SeeInvis .   a - +0 flail
rCold    . . .     Gourm    +   c - +0 shield
rNeg     . . .     Faith    .   u - +0 plate armour
rPois    +         Spirit   .   k - +0 helmet
rElec    .         Reflect  .   h - +0 cloak
rCorr    .         Harm     .   (no gloves)
MR       .....                  (no boots)
Stlth    ..........             g - amulet of the gourmand
HPRegen  0.20/turn              w - ring of flight
MPRegen  0.12/turn              i - ring of poison resistance

@: no status effects
A: distributed training, fangs 1, strong nose
a: Evoke Flight


You were in an ossuary.
You were hungry.

You visited 1 branch of the dungeon, and saw 5 of its levels.
You also visited: Ossuary.

You collected 154 gold pieces.

Inventory:

Hand Weapons
 a - a +0 flail (weapon)
 v - a +0 vampiric hand axe
 A - a +0 shortbow
Missiles
 m - 112 arrows
 q - a throwing net (quivered)
Armour
 b - a +0 scale mail
 c - a +0 shield (worn)
 h - a +0 cloak (worn)
 k - a +0 helmet (worn)
 u - a +0 plate armour (worn)
Jewellery
 g - an amulet of the gourmand (around neck)
 i - a ring of poison resistance (right hand)
 w - a ring of flight (left hand)
Scrolls
 e - 11 scrolls of identify {unknown}
 j - a scroll of magic mapping {unknown}
 l - 3 scrolls of remove curse {unknown}
 n - 5 scrolls of teleportation {unknown}
 p - a scroll of amnesia {unknown}
 s - 2 scrolls of immolation {unknown}
 t - a scroll of blinking {unknown}
 y - a scroll of random uselessness {unknown}
 z - a scroll of enchant armour {unknown}
Potions
 d - 2 potions of flight {unknown}
 o - 2 potions of agility {unknown}
 r - a potion of curing
 x - 2 potions of berserk rage {unknown}
Comestibles
 f - 13 rations


   Skills:
 + Level 7.1 Fighting
 + Level 2.6 Short Blades
 + Level 2.6 Long Blades
 + Level 2.6 Axes
 + Level 5.3 Maces & Flails
 + Level 2.6 Polearms
 + Level 2.6 Staves
 + Level 2.6 Slings
 + Level 2.6 Bows
 + Level 2.6 Crossbows
 + Level 2.6 Throwing
 + Level 7.1 Armour
 + Level 2.6 Dodging
 + Level 2.6 Stealth
 + Level 7.1 Shields
 + Level 2.6 Unarmed Combat
 + Level 2.6 Spellcasting
 + Level 2.1 Conjurations
 + Level 2.1 Hexes
 + Level 2.1 Charms
 + Level 2.1 Summonings
 + Level 2.1 Necromancy
 + Level 2.1 Translocations
 + Level 2.1 Transmutations
 + Level 2.1 Fire Magic
 + Level 2.1 Ice Magic
 + Level 2.1 Air Magic
 + Level 2.1 Earth Magic
 + Level 2.1 Poison Magic
 + Level 2.9 Invocations
 + Level 2.6 Evocations


You had 11 spell levels left.
You didn't know any spells.
Your spell library contained the following spells:

 Spells                   Type           Power        Failure   Level  Hunger
 Magic Dart               Conj           #...         100%        1    ##.....
 Conjure Flame            Conj/Fire      #.......     100%        3    ####...
 Slow                     Hex            #.......     100%        2    ###....
 Mephitic Cloud           Conj/Pois/Air  #.......     100%        3    ####...
 Blink                    Tloc           N/A          100%        2    ###....
 Call Imp                 Summ           #.......     100%        2    ###....
 Spider Form              Tmut/Pois      #.........   100%        3    ####...
 Blade Hands              Tmut           #.........   100%        5    ######.
 Ice Form                 Ice/Tmut       #.......     100%        4    #####..
 Sticks to Snakes         Tmut           #.......     100%        2    ###....
 Beastly Appendage        Tmut           #.....       100%        1    ##.....


Dungeon Overview and Level Annotations

Branches:
Dungeon (5/15)
 Temple: D:4-7

Altars:
Gozag
Kikubaaqudgha
Nemelex Xobeh
Sif Muna
Xom


Innate Abilities, Weirdness & Mutations

Your experience applies equally to all skills.
You have very sharp teeth.
Your uncanny sense of smell can sniff out nearby items.


Message History

It was a potion of curing.
You feel better. You block the mummy's attack.
You block the hobgoblin zombie's attack.
The human zombie hits you but does no damage.
The mummy hits you but does no damage.
You hit the human zombie.
The human zombie is heavily damaged.
The hobgoblin zombie hits you.
* * * LOW HITPOINT WARNING * * *
The mummy hits you but does no damage.
The human zombie hits you but does no damage.
You closely miss the human zombie.
The human zombie is heavily damaged.
The mummy hits you!
* * * LOW HITPOINT WARNING * * *
The hobgoblin zombie barely misses you.
The human zombie hits you but does no damage.
You sock the human zombie!
The human zombie is heavily damaged.
The mummy hits you.
You die...

..................#
..................#
......8..8........#
..................#
.######.Z######...#
#ZZ# #...# #ZZ#
#...#
.####ZZ####.#...#
#....ZZM@Z...#...#
#.....ZM####.#...#
#.....ZZ#∆∆ #...#
#.......#∆∆∆ #...#
#.....∩.# #...#
####+.... #...#
#...# #...# #... ∆
#...#
.##############...#


You could see 2 mummies, 3 hobgoblin zombies, 4 kobold zombies, 3 orc zombies, a
centaur zombie and 2 human zombies.

Vanquished Creatures
  Grinder (D:3)
  A centaur (D:5)
  An ogre (D:5)
  2 hounds (D:4)
  A jelly (D:5)
  An iguana (D:5)
  A worker ant (D:4)
  A big kobold zombie (Ossuary)
  10 gnolls
  5 adders
  An ooze (D:2)
  2 adder zombies (Ossuary)
  A worm (D:4)
  A dart slug (D:1)
  4 leopard geckos
  9 bats
  2 giant cockroaches
  A goblin (D:1)
  4 hobgoblins
  8 jackals
  5 kobolds
  3 quokkas
  A ball python (D:4)
  3 frilled lizards
  5 hobgoblin zombies (Ossuary)
  A jackal zombie (Ossuary)
  6 kobold zombies (Ossuary)
  3 orc zombies (Ossuary)
  6 rats
90 creatures vanquished.

Notes
Turn   | Place    | Note
-------+----------+-------------------------------------------
     0 | D:1      | Shun the Gnoll Fighter began the quest for the Orb.
     0 | D:1      | Reached XP level 1. HP: 23/23 MP: 1/1
    84 | D:1      | Reached XP level 2. HP: 21/29 MP: 2/2
   593 | D:2      | Found a shimmering altar of Xom.
   594 | D:2      | Found a shimmering altar of Xom.
   594 | D:2      | Found a shimmering altar of Xom.
   595 | D:2      | Found a shimmering altar of Xom.
   595 | D:2      | Found a shimmering altar of Xom.
   596 | D:2      | Found a shimmering altar of Xom.
   597 | D:2      | You fall through a shaft for 2 floors!
   597 | D:4      | Found an ancient bone altar of Kikubaaqudgha.
   636 | D:4      | Reached XP level 3. HP: 31/35 MP: 3/3
   767 | D:4      | Reached skill level 1 in Invocations
   773 | D:4      | Reached skill level 1 in Short Blades
   773 | D:4      | Reached skill level 1 in Long Blades
   773 | D:4      | Reached skill level 1 in Axes
   773 | D:4      | Reached skill level 1 in Polearms
   773 | D:4      | Reached skill level 1 in Staves
   773 | D:4      | Reached skill level 1 in Slings
   773 | D:4      | Reached skill level 1 in Bows
   773 | D:4      | Reached skill level 1 in Crossbows
   773 | D:4      | Reached skill level 1 in Throwing
   773 | D:4      | Reached skill level 1 in Dodging
   773 | D:4      | Reached skill level 1 in Stealth
   773 | D:4      | Reached skill level 1 in Unarmed Combat
   773 | D:4      | Reached skill level 1 in Spellcasting
   773 | D:4      | Reached skill level 1 in Evocations
   776 | D:4      | Reached XP level 4. HP: 23/41 MP: 3/5
   861 | D:4      | Reached skill level 1 in Conjurations
   861 | D:4      | Reached skill level 1 in Hexes
   861 | D:4      | Reached skill level 1 in Charms
   861 | D:4      | Reached skill level 1 in Summonings
   861 | D:4      | Reached skill level 1 in Necromancy
   861 | D:4      | Reached skill level 1 in Translocations
   861 | D:4      | Reached skill level 1 in Transmutations
   861 | D:4      | Reached skill level 1 in Fire Magic
   861 | D:4      | Reached skill level 1 in Ice Magic
   861 | D:4      | Reached skill level 1 in Air Magic
   861 | D:4      | Reached skill level 1 in Earth Magic
   861 | D:4      | Reached skill level 1 in Poison Magic
  1012 | D:4      | Reached XP level 5. HP: 35/47 MP: 6/6
  1484 | D:3      | Noticed Grinder
  1511 | D:3      | Killed Grinder
  1511 | D:3      | Reached skill level 5 in Maces & Flails
  1511 | D:3      | Reached XP level 6. HP: 19/53 MP: 7/9
  1525 | D:3      | Found a sparkling altar of Nemelex Xobeh.
  2198 | D:3      | Found an opulent altar of Gozag.
  2268 | D:2      | Reached XP level 7. HP: 59/59 MP: 10/10
  2600 | D:2      | Found a deep blue altar of Sif Muna.
  2961 | D:5      | Entered Level 5 of the Dungeon
  3185 | D:5      | Found a sand-covered staircase.
  3253 | Ossuary  | Entered an ossuary
  3366 | Ossuary  | HP: 3/60 [mummy (13)]
  3367 | Ossuary  | Slain by a mummy

Vault maps used:
D:1:      lemuel_arrival_room, kennysheep_decorative_pillar, minmay_cupped
D:2:      xom_redecorated, led_sif_pool
D:3:      lemuel_round_altar, lemuel_round_altar, uniq_grinder
D:4:      kiku_gazebo_garden_becter, st_stairs_5, kennysheep_generic_room_14
D:5:      minmay_temple_entry_from_below_b,
          nicolae_ossuary_entry_false_entrances, first_ration, uniq_duvessa,
          uniq_sigmund
Ossuary:  ossuary_tomb_1

Skill      XL: |  1  2  3  4  5  6  7 |
---------------+----------------------+-----
Invocations    | 1 2 |  2.9
Short Blades   | 1 2 |  2.6
Long Blades    | 1 2 |  2.6
Axes           | 1 2 |  2.6
Polearms       | 1 2 |  2.6
Staves         | 1 2 |  2.6
Slings         | 1 2 |  2.6
Bows           | 1 2 |  2.6
Crossbows      | 1 2 |  2.6
Throwing       | 1 2 |  2.6
Dodging        | 1 2 |  2.6
Stealth        | 1 2 |  2.6
Unarmed Combat | 1 2 |  2.6
Spellcasting   | 1 2 |  2.6
Evocations     | 1 2 |  2.6
Conjurations   | 1 2 |  2.1
Hexes          | 1 2 |  2.1
Charms         | 1 2 |  2.1
Summonings     | 1 2 |  2.1
Necromancy     | 1 2 |  2.1
Translocations | 1 2 |  2.1
Transmutations | 1 2 |  2.1
Fire Magic     | 1 2 |  2.1
Ice Magic      | 1 2 |  2.1
Air Magic      | 1 2 |  2.1
Earth Magic    | 1 2 |  2.1
Poison Magic   | 1 2 |  2.1
Maces & Flails | 5 |  5.3
Fighting       | 7 |  7.1
Armour         | 7 |  7.1
Shields        | 7 |  7.1

Action                   |  1- 3 |  4- 6 |  7- 9 || total
-------------------------+-------+-------+-------++-------
Melee: Flail             |    67 |   115 |   163 ||   345
       Bite              |     5 |    13 |    15 ||    33
  Use: Potion            |       |     1 |     2 ||     3
  Eat: Chunk             |       |     4 |     5 ||     9
Armor: Scale mail        |    35 |    32 |       ||    67
       Plate armour      |       |    13 |   111 ||   124
Dodge: Dodged            |    28 |    42 |    37 ||   107
Block: Shield            |    50 |    68 |   119 ||   237

Table legend:
 A = Spawn XP
 B = Non-spawn XP
 C = Spawn XP percentage of total XP
 D = Spawn monster count
 E = Non-spawn monster count
 F = Spawn count percentage of total count
 G = Total turns spent on level
                    A         B        C        D         E        F      G
               +---------+---------+-------+---------+---------+-------+---------
         Total |       0 |    1076 |   0.0 |       0 |      90 |   0.0 |  3367
               +---------+---------+-------+---------+---------+-------+---------
           D:1 |       0 |      29 |   0.0 |       0 |      14 |   0.0 |   570
           D:2 |       0 |     112 |   0.0 |       0 |      21 |   0.0 |   667
           D:3 |       0 |     376 |   0.0 |       0 |      17 |   0.0 |   819
           D:4 |       0 |     202 |   0.0 |       0 |      15 |   0.0 |   905
           D:5 |       0 |     307 |   0.0 |       0 |       5 |   0.0 |   292
       Ossuary |       0 |      50 |   0.0 |       0 |      18 |   0.0 |   114
               +---------+---------+-------+---------+---------+-------+---------
